Workbook

Sheet PTO
A1: MUNICIPIO DE CALDAS - ANTIOQUIA
A2: SECRETARIA DE INFRAESTRUCTURA FÍSICA
A3: SELECCIÓN ABREVIADA No. XXX DE 2023
A4: PRESUPUESTO OFICIAL
A5: OBRAS CIVILES Y DE ADECUACIÓN DE RESTAURANTES ESCOLARES Y ESPACIOS COMPLEMENTARIOS DE INSTITUCIONES EDUCATIVAS DEL MUNICIPIO DE CALDAS EN AREA RURAL Y URBANA.
B6: REFORMAS COMEDORES ESCOLARES
A7: 1 | B7: C.E.R CLAUDINA MUNERA
A8: 1.1 | B8: DEMOLICIONES Y RETIROS
A9: 1.1.1 | B9: EXCAVACIÓN MECÁNICA de material heterogéneo DE 0-2 m, bajo cualquier grado de humedad. Incluye: roca descompuesta, bolas de roca de volumen inferior a 0.35 m³., el cargue, transporte interno y externo y botada de material proveniente de las excavaciones en los sitios donde lo indique la interventoría y su medida será en el sitio. No incluye entibado. | C9: m3 | D9: 150 | E9: =APU!D17 -> 62223.725 | F9: =+E9*D9 -> 9333558.8
A10: 1.2 | B10: REFORMAS LOCATIVAS
A11: 1.2.1 | B11: Construcción de ANDÉN en concreto de 21 Mpa, espesor de 0.10m. Incluye suministro y transporte de los materiales, malla electrosoldada D-84; juntas para andenes de 5X5 mm con cortadora de disco, soporte fondo de junta, sellante de juntas elastomérico de poliuretano, acabado escobillado y llaneado 0.10m en los bordes, entresuelo en piedra (e=0,15 m.), arenilla compactada (e=0,05 m.) y polietileno y todos los demás elementos necesarios para su correcta construcción. Se ejecutarán los rebajes que sean necesarios para garantizar el acceso de los discapacitados y hasta una huellas y una contrahuella necesarias en los lugares que indique la interventoría. Las excavaciones o descapotes se pagarán en su ítem respectivo. | C11: m2 | D11: 200 | E11: =APU!D55 -> 146869.3 | F11: =+E11*D11 -> 29373859
A12: 1.2.2 | B12: Construcción de RAMPAS TALUD EN CONCRETO DE 21 Mpa. ESPESOR DE 0.08 m., con vaciado alternado. Incluye suministro y transporte de los materiales, perfilación, nivelación del terreno y adecuación de la superficie, entresuelo en piedra con un espesor de 0.15 m. y 0.05 m. de arenilla, malla electrosoldada D-84, dilataciones a junta perdida cada 1.80 m., acabado liso llaneado, vibrado, curado, protección de la superficie y todo lo necesario para su correcta construcción y funcionamiento. Según diseño. | C12: m2 | D12: 9 | E12: =APU!D82 -> 119938.81 | F12: =+E12*D12 -> 1079449.3
A13: 3 | B13: I.E PEDRO LUIS ALVAREZ CORREA SEDE PARQUE
A14: 3.2 | B14: DEMOLICIONES Y RETIROS
A15: 3.2.1 | B15: RETIRO DE LUMINARIAS FLUORESCENTES. Incluye cargue, transporte, botada en botaderos oficiales y recuperación de los materiales aprovechables y su transporte hasta el sitio que lo indique la interventoría. | C15: un | D15: 2 | E15: =APU!D104 -> 13432.797 | F15: =+E15*D15 -> 26865.594
A16: 3.2.2 | B16: DEMOLICIÓN MESÓN EN GRANO, cargue, transporte y botada de escombros. Incluye refuerzo e instalaciones embebidas. Además su transporte hasta el sitio que lo indique la interventoría. | C16: m | D16: 4.5 | E16: =APU!D123 -> 43696.385 | F16: =+E16*D16 -> 196633.73
A17: 3.2.3 | B17: DEMOLICIÓN DE ENCHAPE, espesores entre 0.03 y 0.05 m. Incluye cargue, transporte y botada de escombros en botaderos oficiales, demolición de revoques y enchapes aplicados en el muro a demoler e instalaciones embebidas, además recuperación de los materiales aprovechables o su transporte hasta el sitio que lo indique la interventoría. | C17: m2 | D17: 5.4 | E17: =APU!D146 -> 21858.043 | F17: =+E17*D17 -> 118033.43
A18: 3.2.4 | B18: DEMOLICIÓN PISO EN BALDOSA sobre terreno. cargue, transporte y botada de escombros, Incluye demolición del mortero de nivelación espesor máximo 0.07m, refuerzo e instalaciones embebidas. Además recuperación de los materiales aprovechables o su transporte hasta el sitio que lo indique la interventoría. | C18: m2 | D18: 13.2 | E18: =APU!D165 -> 17351 | F18: =+E18*D18 -> 229033.2
A19: 3.2.5 | B19: Abujardado de Muros o superficies verticales para posterior revoque, estuco o pintura | C19: m2 | D19: 63 | E19: =APU!D186 -> 11572.295 | F19: =+E19*D19 -> 729054.58
A20: 3.3 | B20: REFORMAS LOCATIVAS
A21: 3.3.1 | B21: Aplicación de PINTURA EPOXIPOLIAMIDA EN MUROS (dos componentes proporción 1:3, no tóxica) tipo epoxiconstrucción de pintuco o equivalente, de primera calidad, semimate, sobre estuco plástico, 2 a 3 manos o las necesarias para lograr una superficie pareja a satisfacción de la interventoría, color blanco. | C21: m2 | D21: 36.5 | E21: =APU!D211 -> 31409.108 | F21: =+E21*D21 -> 1146432.4
A22: 3.3.3 | B22: Suministro, transporte y colocación de cielo raso suspendido en Dry Wall. para cielos, estructura en perfiles de acero galvanizado cal 20, con refuerzo en área vertical, tornillos autoperforantes de cabeza extra plana de 1/2" y 1", junta perdida con cinta de 2" en fibra de vidrio y masilla. Incluye esquineros y tapas y todos los demás elementos necesarios para su correcta instalación y funcionamiento. El acabado en pintura para exteriores, se pagará en su ítem respectivo. Según detalle y diseño. | C22: m2 | D22: 14.52 | E22: =APU!D246 -> 85998.349 | F22: =+E22*D22 -> 1248696
A23: 3.3.4 | B23: Construcción de PISO EN CONCRETO PULIDO DE 17.5 Mpa, con un ESPESOR DE 5cm, modulado 2,0m x 2,0m. Incluye suministro y transporte de los materiales, formaletas, acabado con helicóptero, marcación de dilataciones con cortadora y todo lo necesario para su correcta ejecución y funcionamiento. El refuerzo y entresuelo serán pagados en el ítem correspondiente. | C23: m2 | D23: 13.2 | E23: =APU!D270 -> 68012.29 | F23: =+E23*D23 -> 897762.22
A24: 3.3.5 | B24: Aplicación de PINTURA EPOXIPOLIAMIDA EN CIELOS (dos componentes proporción 1:3, no tóxica) tipo epoxiconstrucción de pintuco o equivalente, semimate, sobre estuco plástico, 2 a 3 manos o las necesarias para lograr una superficie pareja a satisfacción de la interventoría, color blanco. | C24: m2 | D24: 14.52 | E24: =APU!D295 -> 33665.58 | F24: =+E24*D24 -> 488824.22
A25: 3.3.6 | B25: Suministro, transporte y colocación de puerta batiente en lámina galvanizada de 1.00 x 2.0 m., montante con una altura de 0.60m., en celosía fija en lámina galvanizada calibre 18, bastidores para el ala y el montante en tubería en PTS de 30 x 30 x3 mm, calibre 18 (marco, ala y montante), entamborada las dos caras, lisa, aligerada con poliuretano expandido con un espesor de e= 0.03m. para aislamiento acústico, wash primer, pintura anticorrosiva y acabado con esmalte semibrillante color negro tipo Pintuco o su equivalente, cerradura de seguridad de primera calidad tipo Yale o su equivalente y demás elementos necesarios para su correcta instalación y funcionamiento, previa aprobación de la interventoría. Según diseños. | C25: un | D25: 1 | E25: =APU!D327 -> 1322844.1 | F25: =+E25*D25 -> 1322844.1
A26: 3.3.7 | B26: Suministro, transporte y colocación de mesón en acero inoxidable AISI 304 calibre 18 tipo Socoda o equivalente, de 4.5 x 0,60 m. Incluye pozuelo de 500 x 500 x 250 mm., salpicadero, bordes redondeados, sifón, canastilla, grifería cuello de ganso, abasto con llave metálica, parales de soporte metálicos (pieamigos en platina de 2" x 3/16" asegurados a la pared mediante 2 pernos de expansión de 3/8" x 4" c/u) donde sea necesario, incluye entrepaño en acero inoxidable (pieamigos en platina de 2" x 3/16" asegurados a la pared mediante 2 pernos de expansión de 3/8" x 4" c/u) y todos los demás elementos necesarios para su correcta instalación y funcionamiento. | C26: un | D26: 1 | E26: =APU!D348 -> 7836031.9 | F26: =+E26*D26 -> 7836031.9
A27: 3.3.8 | B27: Suministro transporte e instalación de entrepaño en acero inox 304 Calibre 20 de 0.30 x 1.20, incluye elementos de fijación y todos los elmentos necesarios para su correcta instalación y funcionamiento. | C27: un | D27: 1 | E27: =APU!D366 -> 988760.23 | F27: =+E27*D27 -> 988760.23
A28: 3.3.9 | B28: Suministro transporte e instalación de Campana extractora Industrial. Acero 304 calibre 20 de 1.20m, incluye ducto flexible, y todos los elementos necesarios para su correcta instalación y funcionamiento. | C28: un | D28: 1 | E28: =APU!D385 -> 1962290 | F28: =+E28*D28 -> 1962290
A29: 3.3.10 | B29: Colocación de REVOQUE con mortero 1:4 EN MUROS. Incluye suministro y transporte de los materiales, fajas, ranuras, filetes y todos los demás elementos necesarios para su correcta construcción. | C29: m2 | D29: 15 | E29: =APU!D407 -> 34223.95 | F29: =+E29*D29 -> 513359.25
A30: 3.3.11 | B30: Colocación de ESTUCO ACRÍLICO PROFESIONAL, SOBRE MUROS REVOCADOS, 3 manos mínimo, o las que sean necesarias para obtener una superficie pareja y homogénea. Incluye suministro y transporte de los materiales, ranuras, filetes, dilataciones y todos los elementos necesarios para su correcta aplicación y funcionamiento. | C30: m2 | D30: 15 | E30: =APU!D431 -> 15769.02 | F30: =+E30*D30 -> 236535.3
A31: 3.4 | B31: ADECUACIONES ELÉCTRICAS
A32: 3.4.1 | B32: Suministro, transporte e instalación de materiales para salida eléctrica de toma doble con polo a tierra 15 A, .LEV ref 5320, 125 V y según la norma NEMA 5-15R, certificación RETIE y pruebas de conformidad UL. Incluye toma, la tapa, cajas 4"x4" con tapa suplemento, ducto pvc, conectores de conexión y empalme, adaptadores terminales, curvas, pega pvc, tornillos, conductores de cobre 12 AWG-CU-PE HF FR LC CT-80ºC, obra civil, y demás accesorios y elementos para su correcta instalación y funcionamiento.(Salida promedio de 3 m). | C32: un | D32: 3 | E32: =APU!D461 -> 75698.995 | F32: =+E32*D32 -> 227096.98
A33: 3.4.2 | B33: Suministro, transporte e instalación de materiales para salida eléctrica de interruptor doble de alumbrado. TIPO LEV referencia ref 5224 según certificación RETIE y pruebas de conformidad UL por ducto pvc. Incluye el interruptor, tapa, cajas 4"x4" con tapa suplemento, conductores de cobre 12 AWG-CU-PE HF FR LC CT-80ºC, conectores de conexión y empalme, tornillos, ducto pvc, adaptadores terminal, obra civil y demás accesorios y elementos necesarios para su correcta instalación y funcionamiento. (salida promedio 4 m). | C33: un | D33: 3 | E33: =APU!D491 -> 91043.266 | F33: =+E33*D33 -> 273129.8
A34: 3.4.3 | B34: Suministro, transporte e instalación de toma de seguridad -3 polos + tierra, 4H, tipo VCP; 32 amperios, 230 Voltios, grado de protección IP44, referencia TIN32/424-9 para incrustar en caja. Incluye caja metálica galvanizada, terminales, anillo de identificación, fijación, conectores y demás accesorios necesarios para su correcta instalación. | C34: un | D34: 1 | E34: =APU!D514 -> 50462.937 | F34: =+E34*D34 -> 50462.937
A35: 3.4.4 | B35: Suministro, transporte e instalación de luminaria PANEL LED 40W/Marco en Color Blanco con recubrimiento en pintura electrostática en polvo, Material Carcaza Aluminio, Difusor en acrílico opalizado resistente a rayones. Instalación de incrustar o Sobreponer. Dimensiones 600X600 mm, flujo de la luminaria 4.500 Lm, Driver de corriente constante, tensión de alimentación 100....240V±10%, frecuencia de entrada 50/60Hz, Factor de potencia de la luminaria > 0,93, Distorsión armónica de corriente = 20%, Eficacia 112 Lm/W, CRI = 85%, vida útil 50.000 hrs. Certificada RETILAP. Temperatura de color 4.000°K. INCLUYE Cable encauchetado 3x14 AWG(promedio de 100 cm), clavija con polo a tierra, prensaestopa, elementos de fijación según norma NRS-10, ANDAMIOS CERTIFICADOS y demás accesorios para su correcta instalación. La luminaria completa debe cumplir las últimas disposiciones del RETILAP y el RETIE se debe entregar curva fotométrica certificada del fabricante. | C35: un | D35: 2 | E35: =APU!D541 -> 180528.51 | F35: =+E35*D35 -> 361057.02
A36: 3.4.5 | B36: Suministro, transporte e instalación de tubería metálica EMT diámetro 3/4". Incluye adaptadores, uniones, curvas, grapas doble ala, resanes en mortero 1:5 y demás accesorios necesarios para su correcta instalación. | C36: m | D36: 10 | E36: =APU!D567 -> 16218.688 | F36: =+E36*D36 -> 162186.88
A37: 3.4.6 | B37: Suministro, transporte e instalación de tubería metálica EMT diámetro 1". Incluye adaptadores, uniones, curvas, grapas doble ala, resanes en mortero 1:5 y demás accesorios necesarios para su correcta instalación. | C37: m | D37: 10 | E37: =APU!D593 -> 19507.843 | F37: =+E37*D37 -> 195078.43
A38: 2 | B38: C.E.R MONSEÑOR PEDRO LUIS ALBAREZ
A39: 2.1 | B39: DEMOLICIONES Y RETIROS
A40: 2.1.1 | B40: RETIRO DE LUMINARIAS FLUORESCENTES. Incluye cargue, transporte, botada en botaderos oficiales y recuperación de los materiales aprovechables y su transporte hasta el sitio que lo indique la interventoría. | C40: un | D40: 4 | E40: =E15 -> 13432.797 | F40: =+E40*D40 -> 53731.187
A41: 2.1.2 | B41: DEMOLICIÓN DE ENCHAPE, espesores entre 0.03 y 0.05 m. Incluye cargue, transporte y botada de escombros en botaderos oficiales, demolición de revoques y enchapes aplicados en el muro a demoler e instalaciones embebidas, además recuperación de los materiales aprovechables o su transporte hasta el sitio que lo indique la interventoría. | C41: m2 | D41: 9.18 | E41: =E17 -> 21858.043 | F41: =+E41*D41 -> 200656.83
A42: 2.1.3 | B42: DEMOLICIÓN PISO EN BALDOSA sobre terreno. cargue, transporte y botada de escombros, Incluye demolición del mortero de nivelación espesor máximo 0.07m, refuerzo e instalaciones embebidas. Además recuperación de los materiales aprovechables o su transporte hasta el sitio que lo indique la interventoría. | C42: m2 | D42: 36.72 | E42: =E18 -> 17351 | F42: =+E42*D42 -> 637128.72
A43: 2.1.4 | B43: DEMOLICIÓN MESÓN EN GRANO, cargue, transporte y botada de escombros. Incluye refuerzo e instalaciones embebidas. Además su transporte hasta el sitio que lo indique la interventoría. | C43: m | D43: 3.8 | E43: =E16 -> 43696.385 | F43: =+E43*D43 -> 166046.26
A44: 2.1.5 | B44: Abujardado de Muros o superficies verticales para posterior revoque, estuco o pintura | C44: m2 | D44: 63 | E44: =E19 -> 11572.295 | F44: =+E44*D44 -> 729054.58
A45: 2.2 | B45: REFORMAS LOCATIVAS
A46: 2.2.1 | B46: Suministro, transporte y colocación de cielo raso suspendido en Dry Wall. para cielos, estructura en perfiles de acero galvanizado cal 20, con refuerzo en área vertical, tornillos autoperforantes de cabeza extra plana de 1/2" y 1", junta perdida con cinta de 2" en fibra de vidrio y masilla. Incluye esquineros y tapas y todos los demás elementos necesarios para su correcta instalación y funcionamiento. El acabado en pintura para exteriores, se pagará en su ítem respectivo. Según detalle y diseño. | C46: m2 | D46: 40.392 | E46: =E22 -> 85998.349 | F46: =+E46*D46 -> 3473645.3
A47: 2.2.2 | B47: Construcción de PISO EN CONCRETO PULIDO DE 17.5 Mpa, con un ESPESOR DE 5cm, modulado 2,0m x 2,0m. Incluye suministro y transporte de los materiales, formaletas, acabado con helicóptero, marcación de dilataciones con cortadora y todo lo necesario para su correcta ejecución y funcionamiento. El refuerzo y entresuelo serán pagados en el ítem correspondiente. | C47: m2 | D47: 40.392 | E47: =E23 -> 68012.29 | F47: =+E47*D47 -> 2747152.4
A48: 2.2.3 | B48: Aplicación de PINTURA EPOXIPOLIAMIDA EN MUROS (dos componentes proporción 1:3, no tóxica) tipo epoxiconstrucción de pintuco o equivalente, de primera calidad, semimate, sobre estuco plástico, 2 a 3 manos o las necesarias para lograr una superficie pareja a satisfacción de la interventoría, color blanco. | C48: m2 | D48: 63.96 | E48: =E21 -> 31409.108 | F48: =+E48*D48 -> 2008926.5
A49: 2.2.4 | B49: Aplicación de PINTURA EPOXIPOLIAMIDA EN CIELOS (dos componentes proporción 1:3, no tóxica) tipo epoxiconstrucción de pintuco o equivalente, semimate, sobre estuco plástico, 2 a 3 manos o las necesarias para lograr una superficie pareja a satisfacción de la interventoría, color blanco. | C49: m2 | D49: 40.392 | E49: =E24 -> 33665.58 | F49: =+E49*D49 -> 1359820.1
A50: 2.2.5 | B50: Suministro, transporte y colocación de mesón en acero inoxidable AISI 304 calibre 18 tipo Socoda o equivalente, de 3.8 x 0,60 m. Incluye pozuelo de 500 x 500 x 250 mm., salpicadero, bordes redondeados, sifón, canastilla, grifería cuello de ganso, abasto con llave metálica, parales de soporte metálicos (pieamigos en platina de 2" x 3/16" asegurados a la pared mediante 2 pernos de expansión de 3/8" x 4" c/u) donde sea necesario, incluye entrepaño en acero inoxidable (pieamigos en platina de 2" x 3/16" asegurados a la pared mediante 2 pernos de expansión de 3/8" x 4" c/u) y todos los demás elementos necesarios para su correcta instalación y funcionamiento. | C50: un | D50: 0 | E50: =APU!D827 -> 6554673.9 | F50: =+E50*D50 -> 0
A51: 2.2.6 | B51: Suministro transporte e instalación de Campana extractora Industrial. Acero 304 calibre 20 de 1.20m, incluye ducto flexible, y todos los elementos necesarios para su correcta instalación y funcionamiento. | C51: un | D51: 1 | E51: =E28 -> 1962290 | F51: =+E51*D51 -> 1962290
A52: 2.2.7 | B52: Suministro transporte e instalación de entrepaño en acero inox 304 Calibre 20 de 0.30 x 1.20, incluye elementos de fijación y todos los elmentos necesarios para su correcta instalación y funcionamiento. | C52: un | D52: 1 | E52: =E27 -> 988760.23 | F52: =+E52*D52 -> 988760.23
A53: 2.2.8 | B53: Colocación de REVOQUE con mortero 1:4 EN MUROS. Incluye suministro y transporte de los materiales, fajas, ranuras, filetes y todos los demás elementos necesarios para su correcta construcción. | C53: m2 | D53: 64 | E53: =E29 -> 34223.95 | F53: =+E53*D53 -> 2190332.8
A54: 2.2.9 | B54: Colocación de ESTUCO ACRÍLICO PROFESIONAL, SOBRE MUROS REVOCADOS, 3 manos mínimo, o las que sean necesarias para obtener una superficie pareja y homogénea. Incluye suministro y transporte de los materiales, ranuras, filetes, dilataciones y todos los elementos necesarios para su correcta aplicación y funcionamiento. | C54: m2 | D54: 64 | E54: =E30 -> 15769.02 | F54: =+E54*D54 -> 1009217.3
A55: 2.3 | B55: OBRAS ELÉCTRICAS
A56: 2.3.1 | B56: Suministro, transporte e instalación de materiales para salida eléctrica de toma doble con polo a tierra 15 A, .LEV ref 5320, 125 V y según la norma NEMA 5-15R, certificación RETIE y pruebas de conformidad UL. Incluye toma, la tapa, cajas 4"x4" con tapa suplemento, ducto pvc, conectores de conexión y empalme, adaptadores terminales, curvas, pega pvc, tornillos, conductores de cobre 12 AWG-CU-PE HF FR LC CT-80ºC, obra civil, y demás accesorios y elementos para su correcta instalación y funcionamiento.(Salida promedio de 3 m). | C56: un | D56: 3 | E56: =E32 -> 75698.995 | F56: =+E56*D56 -> 227096.98
A57: 2.3.2 | B57: Suministro, transporte e instalación de materiales para salida eléctrica de interruptor doble de alumbrado. TIPO LEV referencia ref 5224 según certificación RETIE y pruebas de conformidad UL por ducto pvc. Incluye el interruptor, tapa, cajas 4"x4" con tapa suplemento, conductores de cobre 12 AWG-CU-PE HF FR LC CT-80ºC, conectores de conexión y empalme, tornillos, ducto pvc, adaptadores terminal, obra civil y demás accesorios y elementos necesarios para su correcta instalación y funcionamiento. (salida promedio 4 m). | C57: un | D57: 3 | E57: =E33 -> 91043.266 | F57: =+E57*D57 -> 273129.8
A58: 2.3.4 | B58: Suministro, transporte e instalación de toma de seguridad -3 polos + tierra, 4H, tipo VCP; 32 amperios, 230 Voltios, grado de protección IP44, referencia TIN32/424-9 para incrustar en caja. Incluye caja metálica galvanizada, terminales, anillo de identificación, fijación, conectores y demás accesorios necesarios para su correcta instalación. | C58: un | D58: 1 | E58: =E34 -> 50462.937 | F58: =+E58*D58 -> 50462.937
A59: 2.3.5 | B59: Suministro, transporte e instalación de luminaria PANEL LED 40W/Marco en Color Blanco con recubrimiento en pintura electrostática en polvo, Material Carcaza Aluminio, Difusor en acrílico opalizado resistente a rayones. Instalación de incrustar o Sobreponer. Dimensiones 600X600 mm, flujo de la luminaria 4.500 Lm, Driver de corriente constante, tensión de alimentación 100....240V±10%, frecuencia de entrada 50/60Hz, Factor de potencia de la luminaria > 0,93, Distorsión armónica de corriente = 20%, Eficacia 112 Lm/W, CRI = 85%, vida útil 50.000 hrs. Certificada RETILAP. Temperatura de color 4.000°K. INCLUYE Cable encauchetado 3x14 AWG(promedio de 100 cm), clavija con polo a tierra, prensaestopa, elementos de fijación según norma NRS-10, ANDAMIOS CERTIFICADOS y demás accesorios para su correcta instalación. La luminaria completa debe cumplir las últimas disposiciones del RETILAP y el RETIE se debe entregar curva fotométrica certificada del fabricante. | C59: un | D59: 4 | E59: =E35 -> 180528.51 | F59: =+E59*D59 -> 722114.04
A60: 2.3.6 | B60: Suministro, transporte e instalación de tubería metálica EMT diámetro 3/4". Incluye adaptadores, uniones, curvas, grapas doble ala, resanes en mortero 1:5 y demás accesorios necesarios para su correcta instalación. | C60: m | D60: 10 | E60: =E36 -> 16218.688 | F60: =+E60*D60 -> 162186.88
A61: 2.3.7 | B61: Suministro, transporte e instalación de tubería metálica EMT diámetro 1". Incluye adaptadores, uniones, curvas, grapas doble ala, resanes en mortero 1:5 y demás accesorios necesarios para su correcta instalación. | C61: m | D61: 10 | E61: =E37 -> 19507.843 | F61: =+E61*D61 -> 195078.43
A62: 4 | B62: I.E PEDRO LUIS ALVAREZ CORREA SEDE GORETI
A63: 4.1 | B63: DEMOLICIONES Y RETIROS
A64: 4.1.1 | B64: RETIRO DE LUMINARIAS FLUORESCENTES. Incluye cargue, transporte, botada en botaderos oficiales y recuperación de los materiales aprovechables y su transporte hasta el sitio que lo indique la interventoría. | C64: un | D64: 4 | E64: =E15 -> 13432.797 | F64: =+E64*D64 -> 53731.187
A65: 4.1.2 | B65: DEMOLICIÓN MESÓN EN GRANO, cargue, transporte y botada de escombros. Incluye refuerzo e instalaciones embebidas. Además su transporte hasta el sitio que lo indique la interventoría. | C65: m | D65: 2.9 | E65: =E16 -> 43696.385 | F65: =+E65*D65 -> 126719.52
A66: 4.1.3 | B66: DEMOLICIÓN DE ENCHAPE, espesores entre 0.03 y 0.05 m. Incluye cargue, transporte y botada de escombros en botaderos oficiales, demolición de revoques y enchapes aplicados en el muro a demoler e instalaciones embebidas, además recuperación de los materiales aprovechables o su transporte hasta el sitio que lo indique la interventoría. | C66: m2 | D66: 2.32 | E66: =E17 -> 21858.043 | F66: =+E66*D66 -> 50710.66
A67: 4.1.4 | B67: DEMOLICIÓN PISO EN BALDOSA sobre terreno. cargue, transporte y botada de escombros, Incluye demolición del mortero de nivelación espesor máximo 0.07m, refuerzo e instalaciones embebidas. Además recuperación de los materiales aprovechables o su transporte hasta el sitio que lo indique la interventoría. | C67: m2 | D67: 82.23 | E67: =E18 -> 17351 | F67: =+E67*D67 -> 1426772.7
A68: 4.2 | B68: REFORMAS LOCATIVAS
A69: 4.2.1 | B69: Aplicación de PINTURA EPOXIPOLIAMIDA EN MUROS (dos componentes proporción 1:3, no tóxica) tipo epoxiconstrucción de pintuco o equivalente, de primera calidad, semimate, sobre estuco plástico, 2 a 3 manos o las necesarias para lograr una superficie pareja a satisfacción de la interventoría, color blanco. | C69: m2 | D69: 77 | E69: =E21 -> 31409.108 | F69: =+E69*D69 -> 2418501.3
A70: 4.2.2 | B70: Suministro, transporte y colocación de cielo raso suspendido en Dry Wall. para cielos, estructura en perfiles de acero galvanizado cal 20, con refuerzo en área vertical, tornillos autoperforantes de cabeza extra plana de 1/2" y 1", junta perdida con cinta de 2" en fibra de vidrio y masilla. Incluye esquineros y tapas y todos los demás elementos necesarios para su correcta instalación y funcionamiento. El acabado en pintura para exteriores, se pagará en su ítem respectivo. Según detalle y diseño. | C70: m2 | D70: 58.29 | E70: =E22 -> 85998.349 | F70: =+E70*D70 -> 5012843.7
A71: 4.2.3 | B71: Construcción de PISO EN CONCRETO PULIDO DE 17.5 Mpa, con un ESPESOR DE 5cm, modulado 2,0m x 2,0m. Incluye suministro y transporte de los materiales, formaletas, acabado con helicóptero, marcación de dilataciones con cortadora y todo lo necesario para su correcta ejecución y funcionamiento. El refuerzo y entresuelo serán pagados en el ítem correspondiente. | C71: m2 | D71: 82.23 | E71: =E23 -> 68012.29 | F71: =+E71*D71 -> 5592650.6
A72: 4.2.4 | B72: Aplicación de PINTURA EPOXIPOLIAMIDA EN CIELOS (dos componentes proporción 1:3, no tóxica) tipo epoxiconstrucción de pintuco o equivalente, semimate, sobre estuco plástico, 2 a 3 manos o las necesarias para lograr una superficie pareja a satisfacción de la interventoría, color blanco. | C72: m2 | D72: 58.29 | E72: =E24 -> 33665.58 | F72: =+E72*D72 -> 1962366.6
A73: 4.2.5 | B73: Suministro, transporte y colocación de puerta batiente en lámina galvanizada de 1.00 x 2.0 m., montante con una altura de 0.60m., en celosía fija en lámina galvanizada calibre 18, bastidores para el ala y el montante en tubería en PTS de 30 x 30 x3 mm, calibre 18 (marco, ala y montante), entamborada las dos caras, lisa, aligerada con poliuretano expandido con un espesor de e= 0.03m. para aislamiento acústico, wash primer, pintura anticorrosiva y acabado con esmalte semibrillante color negro tipo Pintuco o su equivalente, cerradura de seguridad de primera calidad tipo Yale o su equivalente y demás elementos necesarios para su correcta instalación y funcionamiento, previa aprobación de la interventoría. Según diseños. | C73: un | D73: 1 | E73: =E25 -> 1322844.1 | F73: =+E73*D73 -> 1322844.1
A74: 4.2.6 | B74: Suministro, transporte y colocación de mesón en acero inoxidable AISI 304 calibre 18 tipo Socoda o equivalente, de 2.9 x 0,60 m. Incluye pozuelo de 500 x 500 x 250 mm., salpicadero, bordes redondeados, sifón, canastilla, grifería cuello de ganso, abasto con llave metálica, parales de soporte metálicos (pieamigos en platina de 2" x 3/16" asegurados a la pared mediante 2 pernos de expansión de 3/8" x 4" c/u) donde sea necesario, incluye entrepaño en acero inoxidable (pieamigos en platina de 2" x 3/16" asegurados a la pared mediante 2 pernos de expansión de 3/8" x 4" c/u) y todos los demás elementos necesarios para su correcta instalación y funcionamiento. | C74: un | D74: 1 | E74: =APU!D1348 -> 7311031.9 | F74: =+E74*D74 -> 7311031.9
A75: 4.2.7 | B75: Suministro, transporte y colocación de ventana vidriera fijas - proyectantes - persiana, sistema VP-3831 de alúmina o equivalente. Marco y estructura en aluminio anodizado color natural. Compuesta por vidriera fija con marco y parales verticales en tubería rectangular de 3x1½" (ref. T-103), cristal templado claro, espesor de 6 mm. Montantes con Persiana celosía fija (ref. 315) cada 5 cm. con sistema VP-3831. Cuerpo inferior proyectante en aluminio anodizado natural y cristal templado claro espesor de 6 mm. Incluye pisavidrios a presión (ref. 177), empaques, cerradura de manija, brazos escualizables de 10", sellado del marco (interior y exterior) fondo de junta con espuma de poliolefina tipo sikarod o equivalente de Ø= 6 mm. y acabado de junta con masilla elástica de poliuretano tipo sikaflex-1a o equivalente y todos los elementos necesarios para su correcta fabricación, instalación y funcionamiento. Ver cuadro de puertas y ventanas. | C75: m2 | D75: 10.235 | E75: =APU!D1383 -> 480157 | F75: =+E75*D75 -> 4914406.9
A76: 4.2.8 | B76: Suministro, transporte y colocación de persiana - celosía fija, sistema VP-3831 de alúmina o equivalente. Marco y estructura en aluminio anodizado color natural. Compuesta por celosía fija (ref. 315) cada 5 cm. Incluye tornillos, sellado del marco (interior y exterior) fondo de junta con espuma de poliolefina tipo sikarod o equivalente de Ø= 6 mm. y acabado de junta con masilla elástica de poliuretano tipo sikaflex-1a o equivalente y todos los elementos necesarios para su correcta fabricación, instalación y funcionamiento. Ver cuadro de puertas y ventanas. | C76: m2 | D76: 5.34 | E76: =APU!D1413 -> 420389.31 | F76: =+E76*D76 -> 2244878.9
A77: 4.2.9 | B77: Colocación de ESTUCO ACRÍLICO PROFESIONAL, SOBRE MUROS REVOCADOS, 3 manos mínimo, o las que sean necesarias para obtener una superficie pareja y homogénea. Incluye suministro y transporte de los materiales, ranuras, filetes, dilataciones y todos los elementos necesarios para su correcta aplicación y funcionamiento. | C77: m2 | D77: 60 | E77: =E30 -> 15769.02 | F77: =+E77*D77 -> 946141.2
A78: 4.2.10 | B78: Colocación de REVOQUE con mortero 1:4 EN MUROS. Incluye suministro y transporte de los materiales, fajas, ranuras, filetes y todos los demás elementos necesarios para su correcta construcción. | C78: m2 | D78: 64 | E78: =E29 -> 34223.95 | F78: =+E78*D78 -> 2190332.8
A79: 4.2.11 | B79: Suministro transporte e instalación de entrepaño en acero inox 304 Calibre 20 de 0.30 x 1.20, incluye elementos de fijación y todos los elmentos necesarios para su correcta instalación y funcionamiento. | C79: un | D79: 1 | E79: =E27 -> 988760.23 | F79: =+E79*D79 -> 988760.23
A80: 4.2.12 | B80: Suministro transporte e instalación de Campana extractora Industrial. Acero 304 calibre 20 de 1.20m, incluye ducto flexible, y todos los elementos necesarios para su correcta instalación y funcionamiento. | C80: un | D80: 1 | E80: =E28 -> 1962290 | F80: =+E80*D80 -> 1962290
A81: 4.3 | B81: ADECUACIONES ELÉCTRICAS
A82: 4.3.1 | B82: Suministro, transporte e instalación de materiales para salida eléctrica de toma doble con polo a tierra 15 A, .LEV ref 5320, 125 V y según la norma NEMA 5-15R, certificación RETIE y pruebas de conformidad UL. Incluye toma, la tapa, cajas 4"x4" con tapa suplemento, ducto pvc, conectores de conexión y empalme, adaptadores terminales, curvas, pega pvc, tornillos, conductores de cobre 12 AWG-CU-PE HF FR LC CT-80ºC, obra civil, y demás accesorios y elementos para su correcta instalación y funcionamiento.(Salida promedio de 3 m). | C82: un | D82: 3 | E82: =E32 -> 75698.995 | F82: =+E82*D82 -> 227096.98
A83: 4.3.2 | B83: Suministro, transporte e instalación de materiales para salida eléctrica de interruptor doble de alumbrado. TIPO LEV referencia ref 5224 según certificación RETIE y pruebas de conformidad UL por ducto pvc. Incluye el interruptor, tapa, cajas 4"x4" con tapa suplemento, conductores de cobre 12 AWG-CU-PE HF FR LC CT-80ºC, conectores de conexión y empalme, tornillos, ducto pvc, adaptadores terminal, obra civil y demás accesorios y elementos necesarios para su correcta instalación y funcionamiento. (salida promedio 4 m). | C83: un | D83: 3 | E83: =E33 -> 91043.266 | F83: =+E83*D83 -> 273129.8
A84: 4.3.3 | B84: Suministro, transporte e instalación de toma de seguridad -3 polos + tierra, 4H, tipo VCP; 32 amperios, 230 Voltios, grado de protección IP44, referencia TIN32/424-9 para incrustar en caja. Incluye caja metálica galvanizada, terminales, anillo de identificación, fijación, conectores y demás accesorios necesarios para su correcta instalación. | C84: un | D84: 1 | E84: =E58 -> 50462.937 | F84: =+E84*D84 -> 50462.937
A85: 4.3.4 | B85: Suministro, transporte e instalación de luminaria PANEL LED 40W/Marco en Color Blanco con recubrimiento en pintura electrostática en polvo, Material Carcaza Aluminio, Difusor en acrílico opalizado resistente a rayones. Instalación de incrustar o Sobreponer. Dimensiones 600X600 mm, flujo de la luminaria 4.500 Lm, Driver de corriente constante, tensión de alimentación 100....240V±10%, frecuencia de entrada 50/60Hz, Factor de potencia de la luminaria > 0,93, Distorsión armónica de corriente = 20%, Eficacia 112 Lm/W, CRI = 85%, vida útil 50.000 hrs. Certificada RETILAP. Temperatura de color 4.000°K. INCLUYE Cable encauchetado 3x14 AWG(promedio de 100 cm), clavija con polo a tierra, prensaestopa, elementos de fijación según norma NRS-10, ANDAMIOS CERTIFICADOS y demás accesorios para su correcta instalación. La luminaria completa debe cumplir las últimas disposiciones del RETILAP y el RETIE se debe entregar curva fotométrica certificada del fabricante. | C85: un | D85: 4 | E85: =E35 -> 180528.51 | F85: =+E85*D85 -> 722114.04
A86: 4.3.5 | B86: Suministro, transporte e instalación de tubería metálica EMT diámetro 3/4". Incluye adaptadores, uniones, curvas, grapas doble ala, resanes en mortero 1:5 y demás accesorios necesarios para su correcta instalación. | C86: m | D86: 10 | E86: =E36 -> 16218.688 | F86: =+E86*D86 -> 162186.88
A87: 4.3.6 | B87: Suministro, transporte e instalación de tubería metálica EMT diámetro 1". Incluye adaptadores, uniones, curvas, grapas doble ala, resanes en mortero 1:5 y demás accesorios necesarios para su correcta instalación. | C87: m | D87: 10 | E87: =E37 -> 19507.843 | F87: =+E87*D87 -> 195078.43
A88: 6 | B88: I.E GABRIEL ECHAVARRÍA LA RAYA
A89: 6.1 | B89: DEMOLICIONES Y RETIROS
A90: 6.1.1 | B90: RETIRO DE LUMINARIAS FLUORESCENTES. Incluye cargue, transporte, botada en botaderos oficiales y recuperación de los materiales aprovechables y su transporte hasta el sitio que lo indique la interventoría. | C90: un | D90: 3 | E90: =E15 -> 13432.797 | F90: =+E90*D90 -> 40298.39
A91: 6.1.2 | B91: DEMOLICIÓN MESÓN EN GRANO, cargue, transporte y botada de escombros. Incluye refuerzo e instalaciones embebidas. Además su transporte hasta el sitio que lo indique la interventoría. | C91: m | D91: 1.5 | E91: =E16 -> 43696.385 | F91: =+E91*D91 -> 65544.577
A92: 6.1.3 | B92: DEMOLICIÓN DE ENCHAPE, espesores entre 0.03 y 0.05 m. Incluye cargue, transporte y botada de escombros en botaderos oficiales, demolición de revoques y enchapes aplicados en el muro a demoler e instalaciones embebidas, además recuperación de los materiales aprovechables o su transporte hasta el sitio que lo indique la interventoría. | C92: m2 | D92: 11.96 | E92: =E17 -> 21858.043 | F92: =+E92*D92 -> 261422.19
A93: 6.1.4 | B93: DEMOLICIÓN PISO EN BALDOSA sobre terreno. cargue, transporte y botada de escombros, Incluye demolición del mortero de nivelación espesor máximo 0.07m, refuerzo e instalaciones embebidas. Además recuperación de los materiales aprovechables o su transporte hasta el sitio que lo indique la interventoría. | C93: m2 | D93: 33.3775 | E93: =E18 -> 17351 | F93: =+E93*D93 -> 579133
A94: 6.2 | B94: REFORMAS LOCATIVAS
A95: 6.2.1 | B95: Aplicación de PINTURA EPOXIPOLIAMIDA EN MUROS (dos componentes proporción 1:3, no tóxica) tipo epoxiconstrucción de pintuco o equivalente, de primera calidad, semimate, sobre estuco plástico, 2 a 3 manos o las necesarias para lograr una superficie pareja a satisfacción de la interventoría, color blanco. | C95: m2 | D95: 60.605 | E95: =E21 -> 31409.108 | F95: =+E95*D95 -> 1903549
A96: 6.2.2 | B96: Suministro, transporte y colocación de cielo raso suspendido en Dry Wall. para cielos, estructura en perfiles de acero galvanizado cal 20, con refuerzo en área vertical, tornillos autoperforantes de cabeza extra plana de 1/2" y 1", junta perdida con cinta de 2" en fibra de vidrio y masilla. Incluye esquineros y tapas y todos los demás elementos necesarios para su correcta instalación y funcionamiento. El acabado en pintura para exteriores, se pagará en su ítem respectivo. Según detalle y diseño. | C96: m2 | D96: 36.718 | E96: =E22 -> 85998.349 | F96: =+E96*D96 -> 3157687.4
A97: 6.2.3 | B97: Construcción de PISO EN CONCRETO PULIDO DE 17.5 Mpa, con un ESPESOR DE 5cm, modulado 2,0m x 2,0m. Incluye suministro y transporte de los materiales, formaletas, acabado con helicóptero, marcación de dilataciones con cortadora y todo lo necesario para su correcta ejecución y funcionamiento. El refuerzo y entresuelo serán pagados en el ítem correspondiente. | C97: m2 | D97: 33.38 | E97: =E23 -> 68012.29 | F97: =+E97*D97 -> 2270250.2
A98: 6.2.4 | B98: Aplicación de PINTURA EPOXIPOLIAMIDA EN CIELOS (dos componentes proporción 1:3, no tóxica) tipo epoxiconstrucción de pintuco o equivalente, semimate, sobre estuco plástico, 2 a 3 manos o las necesarias para lograr una superficie pareja a satisfacción de la interventoría, color blanco. | C98: m2 | D98: 36.72 | E98: =E24 -> 33665.58 | F98: =+E98*D98 -> 1236200.1
A99: 6.2.5 | B99: Suministro, transporte y colocación de puerta batiente en lámina galvanizada de 1.00 x 2.0 m., montante con una altura de 0.60m., en celosía fija en lámina galvanizada calibre 18, bastidores para el ala y el montante en tubería en PTS de 30 x 30 x3 mm, calibre 18 (marco, ala y montante), entamborada las dos caras, lisa, aligerada con poliuretano expandido con un espesor de e= 0.03m. para aislamiento acústico, wash primer, pintura anticorrosiva y acabado con esmalte semibrillante color negro tipo Pintuco o su equivalente, cerradura de seguridad de primera calidad tipo Yale o su equivalente y demás elementos necesarios para su correcta instalación y funcionamiento, previa aprobación de la interventoría. Según diseños. | C99: un | D99: 1 | E99: =E25 -> 1322844.1 | F99: =+E99*D99 -> 1322844.1
A100: 6.2.6 | B100: Suministro, transporte y colocación de mesón con ciclos de lavado en acero inoxidable AISI 304 calibre 16 tipo Socoda o equivalente, de 1.45 x 0.69 m. y un altura de 0.86 m. Incluye dos pozuelos de 0.60 x 0.50 m., profundidad de 0.30m., entrepaño en acero inoxidable AISI 304 calibre 18, estructura (refuerzo longitudinal y transversal donde se requiera) y soporte en tubería de acero inoxidable de 1 1/2" calibre 16 (estos elementos serán regulables en acero inoxidable con recubrimiento en plástico en la base de contacto con el piso), salpicadero donde haga contacto con la pared con un altura de 0.10m., bordes redondeados, las uniones en esquina están soldadas completamente y pulidas con el fin de que no perciba la existencia de soldadura en la superficie, esquineras estructurales soldadas completamente a la cubierta y al entrepaño que abarque las patas, dos sifones, dos canastillas, dos griferías cuello de ganso, dos abastos con llave metálica y todos los demás elementos necesarios para su correcta instalación y funcionamiento. Según diseño. | C100: un | D100: 1 | E100: =APU!D2505 -> 2849400.7 | F100: =+E100*D100 -> 2849400.7
...

Sheet APU
A1: ALCALDIA DE CALDAS | G1: 1
D2: No. Item | E2: Unidad | G2: 1
A3: OBRAS CIVILES Y DE ADECUACIÓN DE RESTAURANTES ESCOLARES Y ESPACIOS COMPLEMENTARIOS DE INSTITUCIONES EDUCATIVAS DEL MUNICIPIO DE CALDAS EN AREA RURAL Y URBANA. | D3: 1.1.1 | E3: m3 | G3: 1
A4: ANALISIS DE PRECIOS UNITARIOS | G4: 1
A5: EXCAVACIÓN MECÁNICA de material heterogéneo DE 0-2 m, bajo cualquier grado de humedad. Incluye: roca descompuesta, bolas de roca de volumen inferior a 0.35 m³., el cargue, transporte interno y externo y botada de material proveniente de las excavaciones en los sitios donde lo indique la interventoría y su medida será en el sitio. No incluye entibado. | G5: 2
A6: Mano de Obra | B6: Unidad | C6: Cantidad | D6: V/Unitario | E6: V/Total | G6: 1
A7: Ayudante raso | B7: jor | C7: 0.00625 | D7: =95700 -> 95700 | E7: =+D7*C7 -> 598.125 | G7: 1
B8: 0.89285714 | D8: SUBTOTAL | E8: =E7 -> 598.125 | G8: 1
A9: Equipo | B9: Unidad | C9: Cantidad | D9: V/Unitario | E9: V/Total | G9: 1
A10: Motobomba Eléctrica Sumergible 2" - 17m prof. Incluye manguera flexible 2" (26m), extensión eléctrica encauchetada (50m) y transporte. | B10: día | C10: 0.00625 | D10: 0 | E10: =+D10*C10 -> 0 | G10: 1
A11: Retroexcavadora sobre Llantas New Holland LB75 | B11: hr | C11: 0.1 | D11: 87000 | E11: =+D11*C11 -> 8700 | G11: 1
B12: 7.5269934 | D12: SUBTOTAL | E12: =E11 -> 8700 | G12: 1
A13: Auxiliares | B13: Unidad | C13: Cantidad | D13: V/Unitario | E13: V/Total | G13: 1
A14: Transporte de material y derecho de botadero. | B14: m3 | C14: 1.3 | D14: 40712 | E14: =+D14*C14 -> 52925.6 | G14: 1
D15: SUBTOTAL | E15: =E14 -> 52925.6 | G15: 1
A16: Costo Directo | E16: =E15+E12+E8 -> 62223.725 | G16: 1
A17: P R E C I O U N I T A R I O | D17: =E16 -> 62223.725 | G17: 1
G18: 1
G19: 1
A20: ALCALDIA DE CALDAS | G20: 1
D21: No. Item | E21: Unidad | G21: 1
A22: OBRAS CIVILES Y DE ADECUACIÓN DE RESTAURANTES ESCOLARES Y ESPACIOS COMPLEMENTARIOS DE INSTITUCIONES EDUCATIVAS DEL MUNICIPIO DE CALDAS EN AREA RURAL Y URBANA. | D22: 1.2.1 | E22: m2 | G22: 1
A23: ANALISIS DE PRECIOS UNITARIOS | G23: 1
A24: Construcción de ANDÉN en concreto de 21 Mpa, espesor de 0.10m. Incluye suministro y transporte de los materiales, malla electrosoldada D-84; juntas para andenes de 5X5 mm con cortadora de disco, soporte fondo de junta, sellante de juntas elastomérico de poliuretano, acabado escobillado y llaneado 0.10m en los bordes, entresuelo en piedra (e=0,15 m.), arenilla compactada (e=0,05 m.) y polietileno y todos los demás elementos necesarios para su correcta construcción. Se ejecutarán los rebajes que sean necesarios para garantizar el acceso de los discapacitados y hasta una huellas y una contrahuella necesarias en los lugares que indique la interventoría. Las excavaciones o descapotes se pagarán en su ítem respectivo. | G24: 2
A25: Materiales | B25: Unidad | C25: Cantidad | D25: V/Unitario | E25: V/Total | G25: 1
A26: Concreto de 21 Mpa preparado en obra (3000PSI) | B26: m3 | C26: 0.1155 | D26: 440235 | E26: =+D26*C26 -> 50847.143 | G26: 1
A27: Clavo comun 2" con cabeza. Caja x 500gr | B27: lb | C27: 0.13 | D27: 2540 | E27: =+D27*C27 -> 330.2 | G27: 1
A28: Malla electrosoldada D-84 | B28: m2 | C28: 1.15 | D28: 5500 | E28: =+D28*C28 -> 6325 | G28: 1
A29: Sikaflex 1 - A color blanco, gris y negro. Sellador elastico de poliuretano de alta durabilidad. Rendimiento:1 un de 300cm3 . 3ml en junta de 1cm x 1cm. Incluye transporte | B29: un | C29: 0.33 | D29: 41756 | E29: =+D29*C29 -> 13779.48 | G29: 1
A30: Sika Rod de 1 1/4". Fondo de Juntas para aplicar masillas en frio. Presentacion: Rollos de 1700ml Rendimiento: 1ml x 1ml | B30: m | C30: 1 | D30: 8110 | E30: =+D30*C30 -> 8110 | G30: 1
A31: Cinta de enmascarar 3/4" | B31: m | C31: 2 | D31: 240 | E31: =+D31*C31 -> 480 | G31: 1
A32: Piedra de entresuelo (limpia), tamaño máximo 15 cm, con transporte. | B32: m3 | C32: 0.18 | D32: 90000 | E32: =+D32*C32 -> 16200 | G32: 1
A33: Arenilla con transporte. | B33: m3 | C33: 0.06825 | D33: 54402 | E33: =+D33*C33 -> 3712.9365 | G33: 1
A34: Super T de 19 mm. de 1,53 x 2,44 m. | B34: un | C34: 0.02411 | D34: 117900 | E34: =+D34*C34 -> 2842.569 | G34: 1
A35: Larguero de madera comun de 1" x 1" | B35: m | C35: 0.15 | D35: 4700 | E35: =+D35*C35 -> 705 | G35: 1
A36: Polietileno negro construccion | B36: m2 | C36: 1.575 | D36: 427 | E36: =+D36*C36 -> 672.525 | G36: 1
A37: Separol o equivalente (Desmoldante para evitar adherencia de concretos a formaletas.Presentación 15Kg. Rendimiento metal :45g/m2 madera:55g/m2 (15 kg)). para metal puro, para madera diluir hasta 5 partes de agua segun porosidad de la madera. | B37: un | C37: 0.002 | D37: 262610 | E37: =+D37*C37 -> 525.22 | G37: 1
B38: 73.86647 | D38: SUBTOTAL | E38: =SUM(E26:E37) -> 104530.07 | G38: 1
A39: Mano de Obra | B39: Unidad | C39: Cantidad | D39: V/Unitario | E39: V/Total | G39: 1
A40: Cuadrilla Urbanismo | B40: jor | C40: 0.17 | D40: 191400 | E40: =+D40*C40 -> 32538 | G40: 1
B41: 18.985985 | D41: SUBTOTAL | E41: =E40 -> 32538 | G41: 1
A42: Herramienta | B42: Unidad | C42: Cantidad | D42: V/Unitario | E42: V/Total | G42: 1
A43: Herramienta menor | B43: (%)mo | C43: 0.05 | D43: 26037 | E43: =+D43*C43 -> 1301.85 | G43: 1
B44: 0.94940862 | D44: SUBTOTAL | E44: =E43 -> 1301.85 | G44: 1
A45: Equipo | B45: Unidad | C45: Cantidad | D45: V/Unitario | E45: V/Total | G45: 1
A46: Cortadora de disco para piso y/o pavimento (no incluye disco) | B46: día | C46: 0.01 | D46: 48360 | E46: =+D46*C46 -> 483.6 | G46: 1
A47: Disco punta de diamante para cortadora 14" (alquiler) | B47: día | C47: 0.01 | D47: 26796 | E47: =+D47*C47 -> 267.96 | G47: 1
A48: Vibrador de concreto eléctrico a 110v (alquiler). Tipo aguja | B48: día | C48: 0.01 | D48: 36690 | E48: =+D48*C48 -> 366.9 | G48: 1
A49: Compactador tipo Rana a gasolina | B49: día | C49: 0.025 | D49: 45410 | E49: =+D49*C49 -> 1135.25 | G49: 1
B50: 1.6435999 | D50: SUBTOTAL | E50: =SUM(E46:E49) -> 2253.71 | G50: 1
A51: Auxiliares | B51: Unidad | C51: Cantidad | D51: V/Unitario | E51: V/Total | G51: 1
A52: Acarreo interno de materiales | B52: m3 | C52: 0.3605 | D52: 17325 | E52: =+D52*C52 -> 6245.6625 | G52: 1
B53: 4.5545363 | D53: SUBTOTAL | E53: =E52 -> 6245.6625 | G53: 1
A54: Costo Directo | E54: =E53+E50+E44+E41+E38 -> 146869.3 | G54: 1
A55: P R E C I O U N I T A R I O | D55: =E54 -> 146869.3 | G55: 1
G56: 1
G57: 1
A58: ALCALDIA DE CALDAS | G58: 1
D59: No. Item | E59: Unidad | G59: 1
A60: OBRAS CIVILES Y DE ADECUACIÓN DE RESTAURANTES ESCOLARES Y ESPACIOS COMPLEMENTARIOS DE INSTITUCIONES EDUCATIVAS DEL MUNICIPIO DE CALDAS EN AREA RURAL Y URBANA. | D60: 1.2.2 | E60: m2 | G60: 1
A61: ANALISIS DE PRECIOS UNITARIOS | G61: 1
A62: Construcción de RAMPAS TALUD EN CONCRETO DE 21 Mpa. ESPESOR DE 0.08 m., con vaciado alternado. Incluye suministro y transporte de los materiales, perfilación, nivelación del terreno y adecuación de la superficie, entresuelo en piedra con un espesor de 0.15 m. y 0.05 m. de arenilla, malla electrosoldada D-84, dilataciones a junta perdida cada 1.80 m., acabado liso llaneado, vibrado, curado, protección de la superficie y todo lo necesario para su correcta construcción y funcionamiento. Según diseño. | G62: 2
A63: Materiales | B63: Unidad | C63: Cantidad | D63: V/Unitario | E63: V/Total | G63: 1
A64: Concreto de 21 Mpa preparado en obra (3000PSI) | B64: m3 | C64: 0.084 | D64: 440235 | E64: =+D64*C64 -> 36979.74 | G64: 1
A65: Arenilla con transporte. | B65: m3 | C65: 0.065 | D65: 54402 | E65: =+D65*C65 -> 3536.13 | G65: 1
A66: Piedra de entresuelo (limpia), tamaño máximo 15 cm, con transporte. | B66: m3 | C66: 0.1575 | D66: 90000 | E66: =+D66*C66 -> 14175 | G66: 1
A67: Malla electrosoldada D-84 | B67: m2 | C67: 1.15 | D67: 5500 | E67: =+D67*C67 -> 6325 | G67: 1
A68: Tabla madera común de 1,7cm x 20cm x 3,0m. Incluye transporte. | B68: un | C68: 0.4 | D68: 5220 | E68: =+D68*C68 -> 2088 | G68: 1
A69: Larguero madera común 4cmx8cmx2.80m. Incluye transporte. | B69: un | C69: 0.5 | D69: 6800 | E69: =+D69*C69 -> 3400 | G69: 1
A70: Dilataciones en madera 1.5 x 8 cm | B70: m | C70: 0.9 | D70: 3136 | E70: =+D70*C70 -> 2822.4 | G70: 1
B71: 61.942163 | D71: SUBTOTAL | E71: =SUM(E64:E70) -> 69326.27 | G71: 1
A72: Mano de Obra | B72: Unidad | C72: Cantidad | D72: V/Unitario | E72: V/Total | G72: 1
A73: Cuadrilla 1Of Obra Blanca+ 1 Ay Entendido | B73: jor | C73: 0.16 | D73: =282059 -> 282059 | E73: =+D73*C73 -> 45129.44 | G73: 1
B74: 35.018358 | D74: SUBTOTAL | E74: =E73 -> 45129.44 | G74: 1
A75: Herramienta | B75: Unidad | C75: Cantidad | D75: V/Unitario | E75: V/Total | G75: 1
A76: Herramienta menor | B76: (%)mo | C76: 0.05 | D76: 37006 | E76: =+D76*C76 -> 1850.3 | G76: 1
B77: 1.750634 | D77: SUBTOTAL | E77: =E76 -> 1850.3 | G77: 1
A78: Equipo | B78: Unidad | C78: Cantidad | D78: V/Unitario | E78: V/Total | G78: 1
A79: Compactador tipo Rana a gasolina | B79: día | C79: 0.08 | D79: 45410 | E79: =+D79*C79 -> 3632.8 | G79: 1
B80: 1.2888451 | D80: SUBTOTAL | E80: =E79 -> 3632.8 | G80: 1
A81: Costo Directo | E81: =E80+E77+E74+E71 -> 119938.81 | G81: 1
A82: P R E C I O U N I T A R I O | D82: =E81 -> 119938.81 | G82: 1
G83: 1
G84: 1
A85: ALCALDIA DE CALDAS | G85: 1
D86: No. Item | E86: Unidad | G86: 1
A87: OBRAS CIVILES Y DE ADECUACIÓN DE RESTAURANTES ESCOLARES Y ESPACIOS COMPLEMENTARIOS DE INSTITUCIONES EDUCATIVAS DEL MUNICIPIO DE CALDAS EN AREA RURAL Y URBANA. | D87: 3.2.1 | E87: un | G87: 1
A88: ANALISIS DE PRECIOS UNITARIOS | G88: 1
A89: RETIRO DE LUMINARIAS FLUORESCENTES. Incluye cargue, transporte, botada en botaderos oficiales y recuperación de los materiales aprovechables y su transporte hasta el sitio que lo indique la interventoría. | G89: 2
A90: Mano de Obra | B90: Unidad | C90: Cantidad | D90: V/Unitario | E90: V/Total | G90: 1
A91: Cuadrilla Eléctrica 1: 1OfElec + 1Ayraso | B91: jor | C91: 0.04 | D91: =282059 -> 282059 | E91: =+D91*C91 -> 11282.36 | G91: 1
B92: 77.938462 | D92: SUBTOTAL | E92: =E91 -> 11282.36 | G92: 1
A93: Herramienta | B93: Unidad | C93: Cantidad | D93: V/Unitario | E93: V/Total | G93: 1
A94: Herramienta menor | B94: (%)mo | C94: 0.05 | D94: 7599 | E94: =+D94*C94 -> 379.95 | G94: 1
B95: 3.8974359 | D95: SUBTOTAL | E95: =E94 -> 379.95 | G95: 1
A96: Equipo | B96: Unidad | C96: Cantidad | D96: V/Unitario | E96: V/Total | G96: 1
A97: Sección completa de andamio (1.2m-1.5m) x 1.5 m. (+ 4 ruedas) Incluye transporte. | B97: día | C97: 0.03125 | D97: 3482 | E97: =+D97*C97 -> 108.8125 | G97: 1
A98: Can zunchado en madera común de 5,0cmx20cmx3,0m (alquiler). Incluye transporte. | B98: día | C98: 0.0625 | D98: 248 | E98: =+D98*C98 -> 15.5 | G98: 1
B99: 1.2820513 | D99: SUBTOTAL | E99: =SUM(E97:E98) -> 124.3125 | G99: 1
A100: Auxiliares | B100: Unidad | C100: Cantidad | D100: V/Unitario | E100: V/Total | G100: 1
...

Sheet INVERSIÓN AMBIENTAL
A2: MUNICIPIO DE CALDAS ANTIOQUIA
A3: SECRETARIA DE INFRAESTRUCUTRA FÍSICA
A4: =+PTO!A3 -> SELECCIÓN ABREVIADA No. XXX DE 2023
A5: INVERSION AMBIENTALES
A7: =+PTO!A5 -> OBRAS CIVILES Y DE ADECUACIÓN DE RESTAURANTES ESCOLARES Y ESPACIOS COMPLEMENTARIOS DE INSTITUCIONES EDUCATIVAS DEL MUNICIPIO DE CALDAS EN AREA RURAL Y URBANA.
A9: GESTIÓN AMBIENTAL | B9: UNIDAD | C9: CANT | D9: VALOR UNITARIO | E9: VALOR TOTAL
A10: PROGRAMA DE RESIDUOS SÓLIDOS
A11: Manejo de Residuos Sólidos
A12: Punto Ecológico 55 litros gris-verde-azul Ecoplast o similar | B12: un | C12: 0 | D12: 229900 | E12: =+C12*D12 -> 0
A13: Bolsa de basura de colores 70x90cm 10un | B13: un | C13: 5 | D13: 5900 | E13: =+C13*D13 -> 29500
A14: Insumo para Orden y Aseo (Escobas, trapeadoras, baldes, jabones, otros) | B14: un | C14: 1 | D14: 100000 | E14: =+C14*D14 -> 100000
A15: PROGRAMA CONTROL EMISIONES ATMOSFÉRICAS
A16: Control Emisiones Atmosféricas - Ruido
A17: Ayudante para actividades manejo ambiental (salario minimo + prestaciones) | B17: mes | D17: =877803*1.45 -> 1272814.3 | E17: =+C17*D17 -> 0
A18: Plástico negro de 3m de ancho por 10 m | B18: rollo | C18: 1 | D18: 58000 | E18: =+C18*D18 -> 58000
A19: Manguera bicolor naranja/negro de 50mt | B19: un | C19: 0 | D19: 159900 | E19: =+C19*D19 -> 0
A20: SISTEMA SEGURIDAD Y SALUD EN EL TRABAJO
A21: 1 Profesional en seguridad y salud en el trabajo. Incluye el 45% de factor prestacional | B21: mes | C21: 0 | D21: =3325749*1.45 -> 4822336 | E21: =+C21*D21 -> 0
A22: 1 Ingeniero Ambiental. Incluye el 45% de factor prestacional | B22: mes | C22: 0 | D22: =4225500*1.45 -> 6126975 | E22: =+C22*D22 -> 0
A23: Dotación Seguridad Industrial
A24: Camilla plastica de emergencia | B24: un | C24: 0 | D24: 124900 | E24: =+C24*D24 -> 0
A25: Botiquín metalico básico de primeros auxilios | B25: un | C25: 0 | D25: 150100 | E25: =+C25*D25 -> 0
A26: Extintor multipropósito 10 lbs ABC | B26: un | C26: 0 | D26: 62900 | E26: =+C26*D26 -> 0
A27: Alquiler de baño estándar con dos (2) limpiezas por semana (atiende a 16 personas) | B27: mes | C27: 0 | D27: 400000 | E27: =+C27*D27 -> 0
A28: Elementos de Protección Personal - EPP
A29: Guantes plásticos | B29: par | C29: 5 | D29: 3500 | E29: =+C29*D29 -> 17500
A30: Gafas de seguridad | B30: un | C30: 5 | D30: 13900 | E30: =+C30*D30 -> 69500
A31: Tapa oidos 26db Silicona Caja | B31: un | C31: 5 | D31: 4800 | E31: =+C31*D31 -> 24000
A32: Tapabocas | B32: un | C32: 27 | D32: 800 | E32: =+C32*D32 -> 21600
A33: Cascos Alturas Ratchet y barbuquejo | B33: un | C33: 5 | D33: 20900 | E33: =+C33*D33 -> 104500
A34: Demarcación del área de trabajo
A35: Baliza de señalizacion vial | B35: un | C35: 4 | D35: 49900 | E35: =+C35*D35 -> 199600
A36: Cinta Peligro 70mmx100m para señalización | B36: un | C36: 2 | D36: 14900 | E36: =+C36*D36 -> 29800
A37: Malla plástica naranja (polietileno de alta densidad, rollo por 50 m, ancho 1.00m) | B37: Rollo | C37: 1 | D37: 129999 | E37: =+C37*D37 -> 129999
A38: Dotación
A39: Chaleco para personal técnico, según diseño de la empresa constructora | B39: un | C39: 2 | D39: 90000 | E39: =+C39*D39 -> 180000
A40: Petos personal operativo con distintivo empresa | B40: un | C40: 20 | D40: 15900 | E40: =+C40*D40 -> 318000
A41: GESTIÓN SOCIAL Y DE COMUNICACIÓN | E41: =SUM(E42:E44) -> 0
A42: Buzón de sugerencias en acrílico de 0,20m * 0,15m | B42: un | C42: 0 | D42: 80000 | E42: =+C42*D42 -> 0
A43: Cartelera informativa de 1,20m * 0,80m en madera con fondo de corcho | B43: un | C43: 0 | D43: 50000 | E43: =+C43*D43 -> 0
A44: Valla Informativa y/o vallas informativas (será concertado entre la entidad contratante y el contratista) | B44: un | C44: 0 | D44: 1800000 | E44: =+C44*D44 -> 0
D45: TOTAL | E45: =+SUM(E10:E44) -> 1281999
A50: Profesional: JUAN ESTEBAN ZAPATA
A51: No. Matricula: A05232006-71275352
A52: Secretrario de Infraestrucutra física

Sheet AU
A1: MUNICIPIO DE CALDAS - ANTIOQUIA
A2: SECRETARIA DE INFRAESTRUCTURA FÍSICA
A3: =+[1]PTO!A3 -> LICITACION PUBLICA No. XXX DE 2022
A4: DISCRIMINACIÓN DEL AU OFICIAL
A5: =+PTO!A5 -> OBRAS CIVILES Y DE ADECUACIÓN DE RESTAURANTES ESCOLARES Y ESPACIOS COMPLEMENTARIOS DE INSTITUCIONES EDUCATIVAS DEL MUNICIPIO DE CALDAS EN AREA RURAL Y URBANA.
A6: Ítem | B6: Descripción | C6: Unidad | D6: Cantidad | E6: Valor/Mes Base | F6: Factor prestacional | G6: Dedicación | H6: Meses | I6: V/Parcial
A7: 1 | B7: Personal Profesional y Técnico
A8: 1.1 | B8: Director Residente de obra civil (Ingeniero Civil y/o Constructor Civil y/o Arquitecto y/o Arquitecto constructor) | C8: un | D8: 1 | E8: 4500000 | F8: 1.45 | G8: 1 | H8: 3 | I8: =ROUND(D8*E8*F8*G8*H8,0) -> 19575000
A9: 2 | B9: Instalaciones Provisionales
A10: 2.1 | B10: Servicios públicos | C10: un | D10: 1 | E10: 190000 | H10: 3 | I10: =ROUND(D10*E10*H10,0) -> 570000
A11: 2.2 | B11: Equipos de Oficina | C11: un | D11: 1 | E11: 120000 | H11: 3 | I11: =ROUND(D11*E11*H11,0) -> 360000
A12: 2.3 | B12: Transporte personal | C12: un | D12: 2 | E12: 250000 | H12: 3 | I12: =ROUND(D12*E12*H12,0) -> 1500000
A13: 3 | B13: Pólizas
A14: 3.1 | B14: Pólizas | C14: Global | D14: 0.007 | E14: =+D14*I29 -> 2256759.5 | I14: =+ROUND(E14,0) -> 2256759
A15: 4 | B15: Impuestos
A16: 4.1 | B16: Estampilla Pro Hospitales 1% (del costo total incluido AU) | H16: 0.01 | I16: =ROUND(H16*$I$29,0) -> 3223942
A17: 4.2 | B17: Estampilla Pro Bienestar del adulto mayor 3% (del costo total incluido AU) | H17: 0.03 | I17: =ROUND(H17*$I$29,0) -> 9671826
A18: 4.3 | B18: Impuesto de la Seguridad 5% (del costo total incluido AU) | H18: 0.05 | I18: =ROUND(H18*$I$29,0) -> 16119711
A19: 4.4 | B19: Estampilla procultura | H19: 0.01 | I19: =ROUND(H19*$I$29,0) -> 3223942
A20: 4.5 | B20: Estampilla prodeporte | H20: 0.01 | I20: =ROUND(H20*$I$29,0) -> 3223942
B21: Administración | G21: A | H21: =ROUND(SUM(I8:I20)/I25,4) -> 0.2376 | I21: =ROUND($I$25*H21,0) -> 59718427
B22: Utilidad | G22: U | H22: 0.04 | I22: =ROUND($I$25*H22,0) -> 10053607
B23: TOTAL AU (Suma de A + U) | H23: =ROUND(SUM(H21:H22),4) -> 0.2776 | I23: =ROUND(SUM(I21:I22),0) -> 69772034
B24: TOTAL AU (Suma de A + U) | H24: 0.2776 | I24: =+ROUND(I25*H24,0) -> 69772034 | J24: OCULTAR
B25: COSTO DIRECTO OBRA | I25: =+PTO!F168 -> 2.5134018e+08
B26: COSTOS AMBIENTALES | I26: =+'INVERSIÓN AMBIENTAL'!E45 -> 1281999
B27: COSTO TOTAL (Costo Directo + Total AU + Costo PMT y Amb) | H27: =1+H24 -> 1.2776 | I27: =+ROUND(I25*H27,0)+I26 -> 322394213 | J27: OCULTAR
B28: COSTO TOTAL (Costo Directo + Total AU + Costo PMT y Amb) | I28: =ROUND(SUM(I25+I23+I26),0) -> 322394213
B29: CIFRA A ITERAR | I29: 322394213 | J29: OCULTAR
B30: Para el diligenciamiento de este formulario, se deben tener en cuenta los requisitos de la licitación pública
B31: Cualquier modificación y/o alteración de este formulario, es responsabilidad única y exclusivamente del proponente, y ocasionará el rechazo de la propuesta.
B32: Las correcciones efectuadas según el procedimiento anterior, serán de forzosa aceptación para los proponentes.
B35: Profesional: JUAN ESTEBAN ZAPATA
B36: No. Matricula: A05232006-71275352
B37: Secretario de Infraestructura física
L59: 0.01
L60: =+L59+0.01 -> 0.02
L61: =+L60+0.01 -> 0.03
L62: =+L61+0.01 -> 0.04
L63: =+L62+0.01 -> 0.05
L64: =+L63+0.01 -> 0.06
L65: =+L64+0.01 -> 0.07
L66: =+L65+0.01 -> 0.08
L67: =+L66+0.01 -> 0.09
L68: =+L67+0.01 -> 0.1
L69: =+L68+0.01 -> 0.11
L70: =+L69+0.01 -> 0.12
L71: =+L70+0.01 -> 0.13
... L10058: =+L10057+0.01 -> 100
